 Dungeon Crawl Stone Soup version 0.24-a0-584-g9d6b971ae4 (webtiles) character file.

Game seed: 12470734831618967462, levelgen mode: deterministic

322 Gynju the Changer (level 6, 0/47 HPs)
             Began as a Draconian Transmuter on Sept 3, 2019.
             Was an Initiate of Sif Muna.
             Succumbed to an orc wizard's poison
             ... in the Ecumenical Temple.
             The game lasted 00:08:25 (4273 turns).

Gynju the Changer (Draconian Transmuter)            Turns: 4273, Time: 00:08:25

Health: 0/47       AC:  6    Str: 13    XL:     6   Next: 22%
Magic:  8/12       EV: 12    Int: 14    God:    Sif Muna [......]
Gold:   157        SH:  0    Dex: 12    Spells: 7/13 levels left

rFire    . . .     SeeInvis .     - Unarmed
rCold    . . .     Gourm    .   (no shield)
rNeg     . . .     Faith    .   (armour unavailable)
rPois    .         Spirit   .   (helmet restricted)
rElec    .         Reflect  .   (no cloak)
rCorr    .         Harm     .   (no gloves)
MR       .....                  (no boots)
Stlth    +.........             (no amulet)
HPRegen  0.15/turn              (no ring)
MPRegen  0.13/turn              (no ring)

@: lethally poisoned (0 -> -12), very slightly contaminated, starving
A: unfitting armour, cold-blooded, AC +6
a: Renounce Religion


You were in the Ecumenical Temple.
You worshipped Sif Muna.
Sif Muna was noncommittal.
You were starving.

You visited 2 branches of the dungeon, and saw 5 of its levels.

You collected 157 gold pieces.

Inventory:

Hand Weapons
 b - a +1 hunting sling of velocity
Missiles
 a - 34 arrows
 m - 43 stones (quivered)
Armour
 q - a +0 buckler
Jewellery
 f - an uncursed amulet of faith {unknown}
Scrolls
 d - a scroll of remove curse {unknown}
 g - a scroll of teleportation {unknown}
 h - a scroll of noise {unknown}
 j - a scroll of fear {unknown}
 k - 2 scrolls of identify
 p - 3 scrolls of blinking {unknown}
Potions
 e - 4 potions of curing
 i - 2 potions of cancellation
 l - a potion of resistance {unknown}
 n - 2 potions of might {unknown}
 o - a potion of brilliance {unknown}
 r - a potion of heal wounds {unknown}
Comestibles
 c - 8 rations


   Skills:
 - Level 1.1 Fighting
 - Level 1.7 Dodging
 * Level 2.6 Shields
 - Level 3.0 Unarmed Combat
 + Level 4.1 Spellcasting
 + Level 4.4 Transmutations


You had 7 spell levels left.
You knew the following spells:

 Your Spells              Type           Power        Failure   Level  Hunger
a - Beastly Appendage     Tmut           ###...       3%          1    None
b - Sticks to Snakes      Tmut           ###.....     4%          2    ##.....
c - Spider Form           Tmut/Pois      #.........   24%         3    ###....

Your spell library contained the following spells:

 Spells                   Type           Power        Failure   Level  Hunger
 Magic Dart               Conj           #...         19%         1    None
 Searing Ray              Conj           #.....       28%         2    ##.....
 Dazzling Spray           Conj/Hex       #.....       50%         3    ###....
 Ice Form                 Ice/Tmut       #.......     61%         4    ####...
 Blade Hands              Tmut           ###.......   65%         5    ######.
 Force Lance              Conj/Tloc      #.......     88%         4    ####...
 Fulminant Prism          Conj/Hex       #.........   88%         4    ####...
 Iskenderun's Mystic Bla  Conj           #.......     88%         4    ####...


Dungeon Overview and Level Annotations

Branches:
Dungeon (4/15)             Temple (1/1) D:4

Altars:
Ashenzari
Nemelex Xobeh
Ru
Sif Muna
Zin


Innate Abilities, Weirdness & Mutations

Your plain brown scales are hard. (AC +6)
You cannot fit into any form of body armour.
You are cold-blooded and may be slowed by cold attacks.


Message History

You closely miss the orc wizard.
* * * LOW HITPOINT WARNING * * *
You feel sick.
The orc wizard hits you but does no damage.
The orc barely misses you.
You hit the orc wizard.
The orc wizard is lightly wounded.
* * * LOW HITPOINT WARNING * * *
You feel sick.
The orc wizard hits you with a +0 dagger.
* * * LOW HITPOINT WARNING * * *
You are starving!
You hit the orc wizard but do no damage.
The orc wizard is lightly wounded.
* * * LOW HITPOINT WARNING * * *
You feel sick. The orc barely misses you.
The orc wizard hits you but does no damage.
You barely miss the orc wizard.
The orc wizard is lightly wounded.
You die...

#.....### ...._...##
.........# _..8.._..#
.........# #######
.._.....# ###.....###
#.....### ##.........##
####### #.....oo....# #
#.....@.....# ###
#......)....# ..####
##.........##
.....#########.....###
###........#####'#####...
######........#........
######.......#####
#########


You could see an orc wizard and an orc.

Vanquished Creatures
  A scorpion (D:4)
  A hound (D:3)
  An orc priest (D:4)
  Terence (D:2)
  An orc wizard (Temple)
  A hound skeleton (D:4)
  3 gnolls (D:3)
  3 adders
  An ooze (D:2)
  5 worms
  2 leopard geckos (D:1)
  An orc (D:2)
  7 bats
  8 giant cockroaches
  6 goblins
  8 hobgoblins
  7 jackals
  2 quokkas
  3 frilled lizards
  12 kobolds
  8 rats
82 creatures vanquished.

Vanquished Creatures (others)
  8 toadstools (D:4)
8 creatures vanquished.

Grand Total: 90 creatures vanquished

Notes
Turn   | Place    | Note
-------+----------+-------------------------------------------
     0 | D:1      | Gynju the Draconian Transmuter began the quest for the Orb.
     0 | D:1      | Reached XP level 1. HP: 16/16 MP: 3/3
   194 | D:1      | Reached XP level 2. HP: 18/23 MP: 3/5
   546 | D:1      | Reached XP level 3. HP: 20/28 MP: 7/7
  1349 | D:2      | Noticed Terence
  1357 | D:2      | Killed Terence
  1357 | D:2      | Reached XP level 4. HP: 22/35 MP: 6/8
  2572 | D:2      | Found a faded altar of an unknown god.
  2820 | D:3      | Reached XP level 5. HP: 24/40 MP: 8/10
  3048 | D:3      | Reached skill level 1 in Shields
  3186 | D:3      | Found a sacrificial altar of Ru.
  3434 | D:3      | You fall into a shaft and drop 1 floor!
  3735 | D:4      | Learned a level 2 spell: Sticks to Snakes
  3739 | D:4      | Learned a level 3 spell: Spider Form
  3764 | D:4      | Reached XP level 6. HP: 29/47 MP: 9/12
  4012 | D:4      | Found a staircase to the Ecumenical Temple.
  4024 | Temple   | Entered the Ecumenical Temple
  4063 | Temple   | Became a worshipper of Sif Muna the Loreminder
  4272 | Temple   | HP: 1/47 [poisoned by an orc wizard]
  4273 | Temple   | Succumbed to an orc wizard's poison

Levels and vault maps discovered:
D:1:      dpeg_arrival_rooms_with_view, layout_rooms
D:2:      layout_basic, chequers_ecumenical_altar_grove, uniq_terence
D:3:      layout_loops_ring, hangedman_ru_absence
D:4:      layout_layer_cave, tgw_fedhas, minmay_temple_entry_slanted,
          first_ration, uniq_blork_the_orc
Temple:   dpeg_five_rooms_temple

Skill      XL: |  1  2  3  4  5 |
---------------+----------------+-----
Transmutations | 3 4 |  4.4
Spellcasting   | 3 4 |  4.1
Shields        | 2 |  2.6
Fighting       | |  1.1
Dodging        | |  1.7
Unarmed Combat | |  3.0

Action                   |  1- 3 |  4- 6 || total
-------------------------+-------+-------++-------
Melee: Unarmed           |   122 |    77 ||   199
       Tailslap          |     7 |     9 ||    16
       Headbutt          |    10 |     4 ||    14
       Kick              |     4 |     7 ||    11
       Punch             |     4 |       ||     4
 Fire: Hunting sling     |    17 |   101 ||   118
 Cast: Beastly Appendage |    17 |    14 ||    31
       Spider Form       |       |     1 ||     1
  Use: Scroll            |     3 |       ||     3
       Potion            |       |     1 ||     1
  Eat: Chunk             |     2 |     7 ||     9
Armor: Skin              |    41 |    26 ||    67
Dodge: Dodged            |    83 |    79 ||   162

Table legend:
 A = Non-vault XP
 B = Vault XP
 C = Vault XP percentage of total XP
 D = Non-vault monster count
 E = Vault monster count
 F = Vault count percentage of total count
                 A         B        C        D         E       F
            +---------+---------+-------+---------+---------+-------
      Total |     422 |      39 |   8.5 |      79 |       3 |   3.7
            +---------+---------+-------+---------+---------+-------
        D:1 |      48 |       3 |   5.9 |      29 |       2 |   6.5
        D:2 |      90 |      36 |  28.6 |      27 |       1 |   3.6
        D:3 |     102 |       0 |   0.0 |      15 |       0 |   0.0
        D:4 |     147 |       0 |   0.0 |       7 |       0 |   0.0
     Temple |      35 |       0 |   0.0 |       1 |       0 |   0.0
            +---------+---------+-------+---------+---------+-------
